 Dungeon Crawl Stone Soup version 0.31.0-32-g396128a36d (webtiles) character file.

Game seed: 12773619976999851649

28 bearlyready the Chopper (level 3, -11/46 HPs)
             Began as a Hill Orc Berserker on Apr 4, 2024.
             Was a Follower of Trog.
             Killed from afar by an orc wizard (13 damage)
             ... with a puff of flame
             ... on level 2 of the Dungeon.
             The game lasted 00:01:13 (474 turns).

bearlyready the Chopper (Hill Orc Berserker)         Turns: 474, Time: 00:01:14

Health: -11/46     AC:  3    Str: 21    XL:     3   Next: 12%
Magic:  3/3        EV: 11    Int: 13    God:    Trog [*.....]
Gold:   81         SH:  0    Dex: 10    Spells: 2/2 levels left

rFire   . . .        a - +0 hand axe
rCold   . . .        (no shield)
rNeg    . . .        k - +0 leather armour
rPois   .            (no helmet)
rElec   .            (no cloak)
rCorr   .            (no gloves)
SInv    .            (no boots)
Will    .....        g - amulet of regeneration Stlth
                     e - +6 ring of intelligence
HPRegen 1.07/turn    (no ring)
MPRegen 0.08/turn

%: no passive effects
@: berserking, very quick
A: no striking features
a: Renounce Religion, Berserk


You were on level 2 of the Dungeon.
You worshipped Trog.
Trog was aware of your devotion.
You visited 1 branch of the dungeon, and saw 2 of its levels.

You collected 81 gold pieces.

Inventory:

Hand Weapons
 a - a +0 hand axe (weapon)
Missiles
 d - 2 poisoned darts (quivered)
Armour
 b - a +0 animal skin
 k - a +0 leather armour (worn)
Jewellery
 e - a +6 ring of intelligence (left hand)
 g - an amulet of regeneration (around neck)
Scrolls
 f - 2 scrolls of teleportation {unknown}
 h - a scroll of poison {unknown}
 j - a scroll of identify {unknown}
Potions
 c - a potion of might {unknown}
 i - a potion of experience {unknown}


   Skills:
 - Level 3.6 Fighting
 + Level 5.6 Axes
 - Level 2.1 Armour
 - Level 1.5 Dodging


You had 2 spell levels left.
You didn't know any spells.
Your spell library was empty.

Dungeon Overview and Level Annotations

Branches:
Dungeon (2/15)

Altars:


Message History

You hit the frilled lizard.
You kill the frilled lizard!
Trog accepts your kill.
You miss something. Something hits you.
You hit something. Something hits you. The orc barely misses you.
Something hits you.
You closely miss the orc. You miss something.
Something hits you but does no damage. The orc hits you with a +0 war axe!
You barely miss the orc. You miss something.
You hear some strange, mumbled words.
Something tries to affect you, but you resist.
The orc hits you with a +0 war axe.
You barely miss the orc. You hit something but do no damage.
Something hits you. The orc hits you with a +0 war axe.
* * * LOW HITPOINT WARNING * * *
A red film seems to cover your vision as you go berserk!
You feel yourself moving faster!
You feel mighty!
You hear some strange, mumbled words.
A puff of flame appears from out of thin air!
The puff of flame hits you.
* * * LOW HITPOINT WARNING * * *
The orc completely misses you.
You barely miss the orc. You miss something. You closely miss the orc.
You hit something. Something hits you.
* * * LOW HITPOINT WARNING * * *
The orc barely misses you.
You barely miss the orc. You barely miss something. Something hits you.
* * * LOW HITPOINT WARNING * * *
The orc closely misses you.
You closely miss the orc. You miss something. You slash the orc!
You kill the orc!
Trog accepts your kill.
You closely miss something. Something hits you.
* * * LOW HITPOINT WARNING * * *
You closely miss something.
You hear some strange, mumbled words.
A puff of flame appears from out of thin air!
The puff of flame hits you!
You die...

#. #. ## #.
.# ####.# .#
....g### .#
###########
.# ##.......#
.#
##.#####.##†#
#.# #..@{#
#.# ###)##
#.# #)#
#######.####
#.#
##..........#
#.#
#....####...#
#.# .....#
#...# #.#
...<.# #...#
#.# .....#
#...# #..


There were no monsters in sight!

Vanquished Creatures
  An adder (D:2)
  3 orcs (D:2)
  3 bats (D:1)
  A goblin (D:1)
  3 hobgoblins (D:1)
  A quokka (D:1)
  A frilled lizard (D:2)
  2 rats (D:1)
15 creatures vanquished.

Notes
Turn   | Place    | Note
-------+----------+-------------------------------------------
     0 | D:1      | bearlyready the Hill Orc Berserker began the quest for the
                  | Orb.
     0 | D:1      | Reached XP level 1. HP: 19/19 MP: 1/1
   232 | D:1      | Reached XP level 2. HP: 23/26 MP: 2/2
   396 | D:2      | Reached skill level 5 in Axes
   463 | D:2      | Reached XP level 3. HP: 29/31 MP: 3/3
   470 | D:2      | HP: 2/46 [something (3)]
   474 | D:2      | Killed from afar by an orc wizard

Illustrated notes

Levels and vault maps discovered:
D:1:      saegor_arrival_miasma, layout_rooms, item_on_display_a
D:2:      layout_loops_corners, serial_co_window_serial, co_window_paths_a,
          co_window_paths_a, co_window_paths_a, co_window_cross_1,
          co_window_paths_a, co_window_corner_a, co_window_cross_3,
          co_window_2corner, co_window_corner_b, co_window_of_opportunity_c,
          co_window_broadway_c, co_window_unsneaky_path_b, glass_columns_a,
          guppyfry_early_orc_mine

Skill      XL: |  1  2 |
---------------+-------+-----
Axes           | 5 |  5.6
Fighting       | |  3.6
Armour         | |  2.1
Dodging        | |  1.5

Action                     || total
---------------------------++-------
  Melee: Hand axe          ||    60
         Punch             ||     1
 Invoke: Berserk           ||     1
   Stab: Sleeping          ||     2
 Armour: Animal skin       ||    26
         Leather armour    ||    17
  Dodge: Dodged            ||    34
